 Dungeon Crawl Stone Soup version 0.25.1-2-g60ff931df9 (webtiles) character file.

Game seed: 6582302273835556720

856 Garessta the Basher (level 8, 0/78 HPs)
             Began as an Ogre Fighter on Oct 17, 2020.
             Was a Follower of the Shining One.
             Slain by an orc warrior
             ... wielding a +0 mace
              (22 damage)
             ... on level 6 of the Dungeon.
             The game lasted 00:10:33 (6553 turns).

Garessta the Basher (Ogre Fighter)                  Turns: 6553, Time: 00:10:33

Health: 0/78       AC:  3    Str: 23    XL:     8   Next: 2%
Magic:  8/8        EV:  8    Int:  9    God:    the Shining One [*.....]
Gold:   290        SH:  9    Dex:  8    Spells: 7/7 levels left

rFire    + . .     SeeInvis +   q - +0 morningstar
rCold    . . .     Gourm    .   c - +1 kite shield
rNeg     . . .     Faith    .   b - +0 robe
rPois    .         Spirit   .   (helmet restricted)
rElec    .         Reflect  .   (no cloak)
rCorr    .         Harm     .   (gloves unavailable)
MR       .....                  (boots unavailable)
Stlth    +.........             n - amulet of the acrobat
HPRegen  0.23/turn              t - ring of protection from fire
MPRegen  0.11/turn              u - ring of see invisible

@: glowing
A: large, unfitting armour, tough skin 1
a: Renounce Religion


You were on level 6 of the Dungeon.
You worshipped the Shining One.
The Shining One was aware of your devotion.
You were not hungry.

You visited 1 branch of the dungeon, and saw 6 of its levels.

You collected 290 gold pieces.

Inventory:

Hand Weapons
 q - a +0 morningstar (weapon)
Missiles
 d - 2 boomerangs
 g - 9 poisoned darts
 i - 103 stones (quivered)
 k - 4 large rocks
Armour
 b - a +0 robe (worn)
 c - a +1 kite shield (worn)
Jewellery
 n - an amulet of the acrobat (around neck)
 t - a ring of protection from fire (left hand)
 u - a ring of see invisible (right hand)
Scrolls
 e - 4 scrolls of enchant weapon
 j - 5 scrolls of teleportation
 l - a scroll of fear
 m - 3 scrolls of identify
 o - 3 scrolls of magic mapping
 r - 2 scrolls of blinking
Potions
 a - a potion of might
 h - 2 potions of flight
 p - 3 potions of cancellation
 s - 5 potions of curing
Comestibles
 f - 20 rations
 v - 4 chunks of flesh


   Skills:
 - Level 4.0 Fighting
 + Level 8.2 Maces & Flails
 - Level 2.6 Dodging
 - Level 2.6 Shields


You had 7 spell levels left.
You didn't know any spells.
Your spell library was empty.

Dungeon Overview and Level Annotations

Branches:
Dungeon (6/15)
 Temple: D:4-7

Altars:
Okawaru
Qazlal
Wu Jian
Xom
The Shining One

Shops:
D:4 *   D:5 [

Annotations:
D:4 2 transporters, OdinFK's ghost, novice MfSk


Innate Abilities, Weirdness & Mutations

You are too large for most types of armour.
You have tough skin. (AC +1)


Message History

You are too injured to fight recklessly!
You are too injured to fight recklessly!
You are too injured to fight recklessly!
You are too injured to fight recklessly!
You are too injured to fight recklessly!
You are too injured to fight recklessly!
You are too injured to fight recklessly!
You are too injured to fight recklessly!
You thump the orc warrior!
The orc warrior is heavily wounded.
The orc hits you with a +0 whip. The orc warrior barely misses you.
You barely miss the orc warrior.
The orc warrior is heavily wounded.
The orc completely misses you. You block the orc warrior's attack.
You hit the orc warrior but do no damage.
The orc warrior is heavily wounded.
The orc hits you with a +0 whip!
* * * LOW HITPOINT WARNING * * *
The orc warrior hits you with a +0 mace!!
You die...

#####..#########
#.รท.##......
##.#....#####
##....#### #
##..##.## ###
#..###..# #..
#.## ##.# #.#
########.## #.#
#.. #...o@....#
#.# #.#
#.....o)....# #.#
#.. ............#
#.# ##.#
#...........#
######...
###.####>.....
........# #.
#..[.##########..
# #....# #.# #...
#....# #.# ###.
### #.# #...


You could see an orc warrior and an orc.

Vanquished Creatures
  A water moccasin (D:5)
  An orc warrior (D:2)
  A sky beast (D:5)
  A bullfrog (D:6)
  2 orc priests
  A hound (D:5)
  A gnoll shaman (D:4)
  An iguana (D:2)
  2 worker ants (D:5)
  A hound zombie (D:6)
  A worker ant zombie (D:5)
  10 adders
  6 gnolls
  A shadow imp (D:5)
  2 oozes
  An adder skeleton (D:2)
  A worm (D:2)
  A dart slug (D:1)
  3 leopard geckos
  15 orcs
  A ball python (D:5)
  8 bats
  8 giant cockroaches
  6 hobgoblins
  2 jackals (D:5)
  11 kobolds
  4 quokkas
  6 frilled lizards
  10 goblins
  A leopard gecko skeleton (D:5)
  9 rats
119 creatures vanquished.

Notes
Turn   | Place    | Note
-------+----------+-------------------------------------------
     0 | D:1      | Garessta the Ogre Fighter began the quest for the Orb.
     0 | D:1      | Reached XP level 1. HP: 24/24 MP: 1/1
    96 | D:1      | Reached skill level 2 in Maces & Flails
   395 | D:1      | Reached XP level 2. HP: 31/32 MP: 2/2
   739 | D:1      | Reached skill level 3 in Maces & Flails
   743 | D:1      | Reached XP level 3. HP: 20/39 MP: 3/3
  1406 | D:2      | Reached XP level 4. HP: 8/48 MP: 4/4
  1702 | D:2      | Found a stormy altar of Qazlal.
  1706 | D:2      | Found an ornate altar of the Wu Jian Council.
  2016 | D:2      | Reached skill level 4 in Maces & Flails
  2155 | D:2      | Noticed an orc warrior
  2171 | D:2      | Killed an orc warrior
  2171 | D:2      | Reached skill level 5 in Maces & Flails
  2171 | D:2      | Reached XP level 5. HP: 17/54 MP: 5/5
  2525 | D:2      | Found a faded altar of an unknown god.
  3000 | D:3      | Found a shimmering altar of Xom.
  3090 | D:3      | Found a shimmering altar of Xom.
  3416 | D:3      | Reached XP level 6. HP: 62/62 MP: 6/6
  4301 | D:4      | Found a transporter.
  4353 | D:4      | Found a glowing golden altar of the Shining One.
  4411 | D:4      | Found a transporter.
  4444 | D:4      | Became a worshipper of the Shining One
  4646 | D:4      | Noticed a small abomination
  4654 | D:4      | Noticed OdinFK's ghost (novice MfSk)
  4665 | D:4      | Noticed a small abomination
  4839 | D:4      | Found Duwilifa's General Store.
  4939 | D:4      | Reached skill level 6 in Maces & Flails
  5199 | D:4      | Found an iron altar of Okawaru.
  5380 | D:5      | Entered Level 5 of the Dungeon
  5388 | D:5      | Reached * piety under the Shining One
  5437 | D:5      | Noticed a sky beast
  5445 | D:5      | Killed a sky beast
  5445 | D:5      | Reached XP level 7. HP: 62/70 MP: 7/7
  5509 | D:5      | Reached skill level 7 in Maces & Flails
  6219 | D:5      | Found Xexushru's Antique Armour Boutique.
  6420 | D:6      | Reached skill level 8 in Maces & Flails
  6550 | D:6      | Reached XP level 8. HP: 51/78 MP: 8/8
  6553 | D:6      | Slain by an orc warrior

Illustrated notes

Levels and vault maps discovered:
D:1:      sevenhm_arrival_forest_fort_small_6, layout_loops_ring,
          chequers_serial_rivers_small_3, st_stairs_14
D:2:      minmay_wonky_spiral, layout_loops_corners,
          nicolae_overflow_hidden_temple,
          chequers_ecumenical_altar_simple_redux, dk_noncrumbling_3,
          minmay_statues_item
D:3:      layout_basic, xom_redecorated
D:4:      layout_loops_cross, tso_metal_star, kennysheep_okawaru_gauntlet,
          serial_shops, shop, gammafunk_ghost_abyssal_escape
D:5:      layout_cave_pools, first_ration, serial_shops, kennysheep_little_box
D:6:      layout_rooms, old_standard_altar, minmay_temple_entry_wispy,
          serial_co_window_serial, co_window_cross_1, co_window_cross_1,
          co_window_paths_b, co_window_corner_a, co_window_cross_1,
          co_window_paths_b, co_window_paths_a, co_window_of_opportunity_a,
          co_window_corner_a, co_window_broadway_c, co_window_unsneaky_path_e,
          co_window_2corner, co_window_paths_e, glass_columns_b,
          glass_columns_a, glass_columns_c

Skill      XL: |  1  2  3  4  5  6  7 |
---------------+----------------------+-----
Maces & Flails | 2 3 5 6 8 |  8.2
Fighting       | |  4.0
Dodging        | |  2.6
Shields        | |  2.6

Action                   |  1- 3 |  4- 6 |  7- 9 || total
-------------------------+-------+-------+-------++-------
Melee: Flail             |   113 |    94 |       ||   207
       Morningstar       |       |   129 |    67 ||   196
Throw: Stone             |       |    17 |       ||    17
  Use: Scroll            |     7 |     6 |     1 ||    14
       Potion            |       |     3 |       ||     3
  Eat: Chunk             |     2 |     9 |     4 ||    15
       Ration            |       |     1 |       ||     1
Armor: Robe              |    45 |    44 |    13 ||   102
Dodge: Dodged            |    58 |   103 |    28 ||   189
Block: Kite shield       |    52 |   120 |    37 ||   209
